 Dungeon Crawl Stone Soup version 0.19.0-2-gae57169 (webtiles) character file.

84 Querens the Conjurer (level 4, -21/33 HPs)
             Began as a Demigod Conjurer on Nov 2, 2016.
             Killed from afar by Ijyb (31 damage)
             ... with a wand of lightning
             ... on level 2 of the Dungeon.
             The game lasted 00:10:25 (922 turns).

Querens the Conjurer (Demigod Conjurer)              Turns: 922, Time: 00:10:26

Health: -21/33     AC:  2    Str: 13    XL:     4   Next: 3%
Magic:  0/11       EV: 12    Int: 19    God:
Gold:   80         SH:  0    Dex: 16    Spells: 1 memorised, 7 levels left

rFire  . . .     SeeInvis .     p - +2 spear (flame)
rCold  . . .     Gourm    .     a - +0 robe
rNeg   . . .     Faith    .     (no shield)
rPois  .         Spirit   +     (no helmet)
rElec  .         Reflect  .     (no cloak)
rCorr  .         Harm     .     (no gloves)
MR     .....                    (no boots)
Stlth  ++........               l - amulet of guardian spirit
                                (no ring)
                                h - ring of flight

@: flying, very slightly contaminated
A: high mp 1
a: no special abilities


You were on level 2 of the Dungeon.
You were not hungry.

You visited 1 branch of the dungeon, and saw 2 of its levels.

You collected 80 gold pieces.

Inventory:

Hand Weapons
 d - a +0 dagger
 p - a +2 spear of flaming (weapon)
Armour
 a - a +0 robe (worn)
Jewellery
 h - a ring of flight (left hand)
 l - an amulet of guardian spirit (around neck)
Scrolls
 f - 2 scrolls of identify
 m - a scroll of remove curse {unknown}
 q - a scroll of enchant armour {unknown}
Potions
 e - a potion of cure mutation
 k - a potion of brilliance {unknown}
 n - a potion of cancellation {unknown}
Books
 b - a book of Conjurations

   Spells                             Type                      Level
   a - Magic Dart                     Conjuration                  1
   b - Searing Ray                    Conjuration                  2
   c - Dazzling Spray                 Conjuration/Hexes            3
   d - Fulminant Prism                Conjuration/Hexes            4
   e - Iskenderun's Mystic Blast      Conjuration                  4
   f - Iskenderun's Battlesphere      Conjuration/Charms           5
Comestibles
 c - a bread ration
 j - a slice of pizza
 o - a meat ration


   Skills:
 - Level 1.7 Dodging
 - Level 1.7 Stealth
 + Level 2.8 Spellcasting
 + Level 4.5 Conjurations


You had 7 spell levels left.
You knew the following spells:

 Your Spells              Type           Power        Failure   Level  Hunger
a - Magic Dart            Conj           ###.         2%          1    None


Dungeon Overview and Level Annotations

Branches:
Dungeon (2/15)

Annotations:
D:2 Ijyb, Robin


Innate Abilities, Weirdness & Mutations

You have an increased reservoir of magic. (+10% MP)


Message History

e - a potion of cure mutation
Okay, then.
It was a potion of flight.
You feel very buoyant.
You fly up into the air.
It was a potion of curing.
You feel better. Ijyb hits you but does no damage.
You barely miss Ijyb. Ijyb hits you.
You hit Ijyb but do no damage. Ijyb hits you but does no damage.
You closely miss Ijyb.
Ijyb zaps a wand.
The bolt of lightning misses you.
You hit Ijyb but do no damage. Ijyb misses you.
Ijyb hits you but does no damage.
You hit Ijyb but do no damage. Ijyb hits you.
You hit Ijyb but do no damage.
Ijyb zaps a wand.
The bolt of lightning hits you!
* * * LOW HITPOINT WARNING * * *
You feel better. Ijyb hits you.
You hit Ijyb but do no damage.
Ijyb zaps a wand.
The bolt of lightning hits you!
Ouch! That really hurt!
You die...

#........###.#.#
###.#...#
########......>#
#.#...# ######.##
#.#...# #.#
#.#...# #.#
#.##.## #.# #.....
#### #.# #...###.#
.##
#...@g..#####..
..!.
..!....##........#
.### #######
#.#.##...# #
#g#.##.#.## #
#.#....#.# .
#.####.#.# ##
#......#.# #
#####....###.###
###...........


You could see Ijyb.

Vanquished Creatures
  3 adders (D:2)
  An ooze (D:1)
  2 worms (D:2)
  13 goblins
  5 hobgoblins
  4 jackals (D:2)
  2 kobolds
  A ball python (D:1)
  4 bats
  4 frilled lizards
  6 rats
45 creatures vanquished.

Notes
Turn   | Place    | Note
-------+----------+-------------------------------------------
     0 | D:1      | Querens the Demigod Conjurer began the quest for the Orb.
     0 | D:1      | Reached XP level 1. HP: 14/14 MP: 5/5
   110 | D:1      | Reached XP level 2. HP: 11/20 MP: 4/7
   132 | D:1      | Found a shimmering altar of Xom.
   318 | D:2      | Reached skill level 4 in Conjurations
   332 | D:2      | Noticed Robin
   418 | D:2      | Reached XP level 3. HP: 10/26 MP: 4/9
   596 | D:2      | Noticed Ijyb
   877 | D:2      | Reached XP level 4. HP: 25/33 MP: 11/11
   922 | D:2      | Killed from afar by Ijyb

Skill      XL: |  1  2 |
---------------+-------+-----
Spellcasting   | 2 |  2.8
Conjurations   | 4 |  4.5
Dodging        | |  1.7
Stealth        | |  1.7

Action                   |  1- 3 |  4- 6 || total
-------------------------+-------+-------++-------
Melee: Dagger            |    54 |       ||    54
       Spear             |    28 |     7 ||    35
 Cast: Magic Dart        |    59 |     1 ||    60
  Use: Potion            |       |     3 ||     3
       Scroll            |       |     1 ||     1
 Stab: Sleeping          |     5 |       ||     5
Armor: Robe              |     5 |     3 ||     8
Dodge: Dodged            |    49 |     3 ||    52
